 Dungeon Crawl Stone Soup version 0.20.0-1-g1cb1d84 (webtiles) character file.

1519 HungrySpirit the Basher (level 8, -6/53 HPs)
             Began as a Gargoyle Fighter on May 26, 2017.
             Was an Initiate of Okawaru.
             Mangled by an orc warrior
             ... wielding a +0 glaive
              (13 damage)
             ... on level 6 of the Dungeon.
             The game lasted 00:08:31 (5599 turns).

HungrySpirit the Basher (Gargoyle Fighter)          Turns: 5599, Time: 00:08:32

Health: -6/53      AC: 12    Str: 23    XL:     8   Next: 84%
Magic:  17/17      EV:  9    Int: 10    God:    Okawaru [......]
Gold:   275        SH:  0    Dex:  9    Spells: 7/7 levels left

rFire    . . .     SeeInvis .   a - +0 flail
rCold    . . .     Gourm    .   (no shield)
rNeg     + . .     Faith    .   b - +0 scale mail
rPois    ∞         Spirit   .   (helmet restricted)
rElec    +         Reflect  .   (no cloak)
rCorr    .         Harm     .   (no gloves)
MR       .....                  (no boots)
Stlth    ..........             (no amulet)
Regen    0.2/turn               j - ring of magical power
MPRegen  0.2/turn               (no ring)

@: no status effects
A: antennae 1, blink, clever 1, negative energy resistance 1, electricity
resistance, unbreathing, petrification resistance, rot immunity, AC +5
a: Blink, Renounce Religion


You were on level 6 of the Dungeon.
You worshipped Okawaru.
Okawaru was noncommittal.
You were not hungry.

You visited 2 branches of the dungeon, and saw 7 of its levels.

You collected 275 gold pieces.

Inventory:

Hand Weapons
 a - a +0 flail (weapon)
Armour
 b - a +0 scale mail (worn)
 c - a +0 shield
 n - a +0 helmet
Jewellery
 d - the ring "Towk" {rPois Str+5 Int+3 Dex-5}
   (You found it on level 5 of the Dungeon)

   [ring of poison resistance]

   It affects your strength (+5).
   It affects your intelligence (+3).
   It affects your dexterity (-5).
   It protects you from poison.
 g - an uncursed ring of fire
 j - a ring of magical power (left hand)
 y - an uncursed ring of ice
Wands
 u - a wand of random effects (13/48)
 z - a wand of random effects (13/48)
Scrolls
 e - a scroll of immolation {unknown}
 h - 5 scrolls of teleportation {unknown}
 i - 6 scrolls of remove curse
 l - 3 scrolls of identify
 r - 3 scrolls of blinking {unknown}
 s - 2 scrolls of noise {unknown}
 t - a scroll of enchant weapon {unknown}
 w - a scroll of magic mapping {unknown}
 x - a scroll of fear {unknown}
Potions
 o - a potion of haste
 q - 5 potions of curing
 B - a potion of mutation
Comestibles
 f - 6 bread rations
 k - 4 fruits
 m - a chunk of flesh
 p - 5 meat rations


   Skills:
 + Level 7.4 Fighting
 * Level 9.1 Maces & Flails
 - Level 3.2 Armour
 - Level 3.2 Shields


You had 7 spell levels left.
You didn't know any spells.

Dungeon Overview and Level Annotations

Branches:
Dungeon (6/15)             Temple (1/1) D:5

Altars:
Ashenzari
Cheibriados
Elyvilon
Hepliaklqana
Makhleb
Nemelex Xobeh
Okawaru
Qazlal
Sif Muna
Trog
Uskayaw
Xom
Yredelemnul
Zin
The Shining One


Innate Abilities, Weirdness & Mutations

You are resistant to torment.
Your stone body is resilient. (AC +5)
You are immune to poison.
You resist negative energy. (rN+)
You are resistant to electric shocks. (rElec)
You can survive without breathing.
You are immune to petrification.
You are immune to rotting.
You have a pair of small antennae on your head.
You can translocate small distances at will.
Your mind is acute. (Int +2)


Message History

The orc warrior hits you with a glaive!!
You barely miss the orc warrior.
The orc warrior is heavily wounded.
The orc warrior hits you with a glaive!
You closely miss the orc warrior.
The orc warrior is heavily wounded.
Okay, then.
You sock the orc warrior!
The orc warrior is almost dead.
The orc warrior hits you with a glaive!
* * * LOW HITPOINT WARNING * * *
You closely miss the orc warrior.
The orc warrior is almost dead.
The orc warrior hits you but does no damage.
You hit the orc warrior but do no damage.
The orc warrior is almost dead.
You closely miss the orc warrior.
The orc warrior is almost dead.
The orc warrior hits you with a glaive!
You die...

######### ######### #...o.o..
........# #o####### #######.#
#.# # #.#
#############o####### # #.#
#...@oo.....o.......# # #.#
#.#.###(#####.#####.# #
#.#####.#.# #.# #.# #.# #
#.#.....#.# #.#####.# #.# #
#.#.#####.###...).#.#####.# #
#.#.####...######)#........ #
#........#.# #.###...... #
###.####...## #)# #.###.# #
#####...####.#.#####)###.###.#


You could see an orc warrior and an orc.

Vanquished Creatures
  Grinder (D:5)
  Duvessa (D:5)
  2 ogres
  2 phantoms
  A centaur (D:6)
  Blork the orc (D:4)
  A bullfrog (D:6)
  Dowan (D:5)
  2 crimson imps (D:5)
  A bullfrog zombie (D:5)
  A quasit (D:6)
  A centaur skeleton (D:6)
  2 orc priests (D:6)
  2 orc wizards (D:6)
  5 worker ants
  2 hound skeletons
  Robin (D:1)
  9 adders
  3 oozes
  4 worms
  2 dart slugs
  3 leopard geckos
  8 orcs
  A ball python (D:1)
  4 bats
  12 giant cockroaches
  10 goblins
  5 hobgoblins
  2 quokkas
  4 frilled lizards
  2 gnoll zombies (D:4)
  11 kobolds
  2 quokka skeletons
  8 rats
117 creatures vanquished.

Notes
Turn   | Place    | Note
-------+----------+-------------------------------------------
     0 | D:1      | HungrySpirit the Gargoyle Fighter began the quest for the Orb.
     0 | D:1      | Reached XP level 1. HP: 14/14 MP: 1/1
   123 | D:1      | Reached XP level 2. HP: 17/19 MP: 2/2
   440 | D:2      | Noticed Robin
   468 | D:1      | Killed Robin
   468 | D:1      | Reached skill level 3 in Maces & Flails
   468 | D:1      | Reached XP level 3. HP: 11/24 MP: 3/3
   724 | D:2      | Reached XP level 4. HP: 27/29 MP: 4/4
   840 | D:2      | Reached skill level 4 in Maces & Flails
  1226 | D:2      | Found a sparkling altar of Nemelex Xobeh.
  1444 | D:3      | Reached XP level 5. HP: 30/34 MP: 5/5
  2076 | D:4      | Noticed an ogre
  2083 | D:4      | Killed an ogre
  2083 | D:4      | Reached skill level 5 in Maces & Flails
  2083 | D:4      | Reached XP level 6. HP: 29/40 MP: 6/6
  2304 | D:4      | Noticed a phantom
  2322 | D:4      | Reached skill level 5 in Fighting
  2386 | D:4      | Killed a phantom
  2730 | D:4      | Found a basalt altar of Yredelemnul.
  2948 | D:4      | Noticed Blork the orc
  3034 | D:4      | Killed Blork the orc
  3034 | D:4      | Reached skill level 6 in Maces & Flails
  3034 | D:4      | Reached XP level 7. HP: 44/44 MP: 7/7
  3040 | D:4      | Found a deep blue altar of Sif Muna.
  3093 | D:5      | Entered Level 5 of the Dungeon
  3138 | D:5      | Noticed Dowan
  3141 | D:5      | Noticed Duvessa
  3174 | D:5      | Killed Dowan
  3183 | D:5      | Killed Duvessa
  3498 | D:5      | Found a staircase to the Ecumenical Temple.
  3792 | D:5      | Noticed Grinder
  3825 | D:5      | Paralysed by Grinder for 4 turns
  3838 | D:5      | Gained mutation: You have a pair of small antennae on your head. [potion of mutation]
  3838 | D:5      | Gained mutation: Your mind is acute. (Int +2) [potion of mutation]
  3838 | D:5      | Gained mutation: You can translocate small distances at will. [potion of mutation]
  3846 | D:5      | Paralysed by Grinder for 6 turns
  3853 | D:5      | Killed Grinder
  3853 | D:5      | Reached skill level 7 in Maces & Flails
  3853 | D:5      | Reached XP level 8. HP: 23/52 MP: 8/8
  4000 | D:5      | Got a scorched silver ring
  4079 | D:5      | Identified the ring "Towk" {rPois Str+5 Int+3 Dex-5} (You found it on level 5 of the Dungeon)
  4353 | D:5      | Found a snail-covered altar of Cheibriados.
  4434 | Temple   | Entered the Ecumenical Temple
  4450 | Temple   | Became a worshipper of Warmaster Okawaru
  4605 | D:6      | Reached skill level 8 in Maces & Flails
  4819 | D:6      | Found a glowing golden altar of the Shining One.
  5537 | D:6      | Reached skill level 9 in Maces & Flails
  5599 | D:6      | Mangled by an orc warrior

Skill      XL: |  1  2  3  4  5  6  7  8 |
---------------+-------------------------+-----
Maces & Flails | 3 4 5 6 7 9 |  9.1
Fighting       | 4 5 6 7 |  7.4
Armour         | |  3.2
Shields        | |  3.2

Action                   |  1- 3 |  4- 6 |  7- 9 || total
-------------------------+-------+-------+-------++-------
Melee: Flail             |   131 |   228 |   257 ||   616
Evoke: Wand              |       |     9 |     1 ||    10
  Use: Potion            |       |     1 |    11 ||    12
       Scroll            |       |       |     3 ||     3
 Stab: Distracted        |     1 |       |       ||     1
  Eat: Chunk             |       |     7 |     5 ||    12
       Royal jelly       |       |       |     2 ||     2
Armor: Scale mail        |    83 |   150 |   152 ||   385
       Skin              |       |       |    10 ||    10
Dodge: Dodged            |    93 |   119 |   114 ||   326
Block: Shield            |     3 |       |       ||     3
